 Dungeon Crawl Stone Soup version 0.31-a0-246-g8cbcc1cb85 (webtiles) character file.

Game seed: 12578698526154252466

167 qw the Shooter (level 5, -1/45 HPs)
             Began as a Minotaur Hexslinger on July 12, 2023.
             Slain by Grinder (6 damage)
             ... on level 3 of the Dungeon.
             The game lasted 00:00:48 (2041 turns).

qw the Shooter (Minotaur Hexslinger)                Turns: 2041, Time: 00:00:49

Health: -1/45      AC:  5    Str: 13    XL:     5   Next: 23%
Magic:  5/5        EV: 11    Int: 10    God:
Gold:   119        SH:  0    Dex: 14    Spells: 5/6 levels left

rFire   . . .        Y - +1 sling (freeze)
rCold   . . .        (no shield)
rNeg    . . .        a - +0 ring mail
rPois   .            (helmet restricted)
rElec   .            (no cloak)
rCorr   .            (no gloves)
SInv    .            (no boots)
Will    .....        (no amulet)
Stlth   +            (no ring)
HPRegen 0.27/turn    (no ring)
MPRegen 0.09/turn

%: no passive effects
@: no status effects
A: horns 2, retaliatory headbutt
a: no special abilities


You were on level 3 of the Dungeon.
You visited 1 branch of the dungeon, and saw 4 of its levels.

You collected 119 gold pieces.


Innate Abilities, Weirdness & Mutations

You have a pair of horns on your head.
You reflexively headbutt those who attack you in melee.


   Skills:
 - Level 3.0 Fighting
 + Level 5.0 Ranged Weapons
 - Level 1.8 Armour
 - Level 2.1 Dodging
 - Level 1.0 Spellcasting
 - Level 2.0 Hexes


You had 5 spell levels left.
You knew the following spells:

 Your Spells              Type           Power      Damage    Failure   Level
a - Slow                  Hex            16%        N/A       32%         1

Your spell library contained the following spells:

 Spells                   Type           Power      Damage    Failure   Level
 Inner Flame              Hex/Fire       2%         N/A       82%         3
 Portal Projectile        Hex/Tloc       4%         N/A       82%         3
 Cause Fear               Hex            2%         N/A       97%         4

Inventory:

Hand Weapons
 Y - a +1 sling of freezing (weapon)
Armour
 a - a +0 ring mail (worn)
 g - a +0 cloak
Jewellery
 f - a +6 ring of intelligence
Scrolls
 c - a scroll of identify
Potions
 b - a potion of curing
 d - a potion of lignification {unknown}
 e - a potion of enlightenment {unknown}
 k - a potion of magic {unknown}

Dungeon Overview and Level Annotations

Branches:
Dungeon (4/15)
 Temple: D:4-7

Altars:

Annotations:
D:3 1 transporter, Grinder


Message History

Enter note:
Enter note:
Enter note:
Enter note: You shoot a sling bullet.
The sling bullet barely misses Grinder.
You shoot a sling bullet. The sling bullet hits Grinder.
Grinder is lightly wounded.
You shoot a sling bullet. The sling bullet hits Grinder.
Grinder is lightly wounded.
Grinder hits you but does no damage.
You shoot a sling bullet.
The sling bullet closely misses Grinder.
Grinder gestures at you. You resist with significant effort.
You shoot a sling bullet. The sling bullet hits Grinder.
Grinder is moderately wounded.
Grinder gestures at you.
You suddenly lose the ability to move!
Grinder barely misses you.
You can move again.
You shoot a sling bullet. The sling bullet barely misses Grinder.
Grinder gestures at you. Pain shoots through your body!
You shoot a sling bullet. The sling bullet hits Grinder.
Grinder is moderately wounded.
Grinder gestures at you. Pain shoots through your body! Grinder hits you.
You writhe in agony.
You shoot a sling bullet. The sling bullet hits Grinder.
Grinder is moderately wounded.
Grinder hits you.
You shoot a sling bullet. The sling bullet hits Grinder.
Grinder is heavily wounded.
Grinder hits you.
You shoot a sling bullet. The sling bullet barely misses Grinder.
Grinder hits you.
You shoot a sling bullet.
The sling bullet hits Grinder but does no damage.
Grinder is heavily wounded.
Grinder hits you!
You writhe in agony.
Grinder hits you.
You writhe in agony.
You die...

### #.# ..#
###################[###
......>..............#
...[.................
#####<.............#.#.#
......5........###...#.#
######@##..........<#.#
.....................#.#
##########.##.######.#.#
#...................#
#.#####.##.######.#..
#.# #.##.# #.### #.#
#.##.######.# # ## #.#
#.#.......#.# # ..#.#
##...~~~~ยค...###


You could see Grinder.

Vanquished Creatures
  Ijyb (D:3)
  Natasha (twice) (D:2)
  4 adders (D:2)
  A worm (D:2)
  A dart slug (D:1)
  2 orcs (D:3)
  5 ball pythons
  3 bats
  6 endoplasms
  7 goblins
  2 hobgoblins (D:1)
  4 jackals (D:1)
  A quokka (D:3)
  5 frilled lizards
  4 kobolds
  3 rats (D:1)
51 creatures vanquished.

Notes
Turn   | Place    | Note
-------+----------+-------------------------------------------
     0 | D:1      | qw the Minotaur Hexslinger began the quest for the Orb.
     0 | D:1      | Reached XP level 1. HP: 16/16 MP: 1/1
     0 | D:1      | 0 ||| qw: Version: 0.3-a-52-g30416fa
     0 | D:1      | 0 ||| qw: Game counter: 6307
     0 | D:1      | 0 ||| qw: Melee chars always use a shield: true
     0 | D:1      | 0 ||| qw: God list: Okawaru
     0 | D:1      | 0 ||| qw: Allow faded altars: false
     0 | D:1      | 0 ||| qw: Do Orc after clearing Dungeon:15 true
     0 | D:1      | 0 ||| qw: Do second Lair branch before Depths: true
     0 | D:1      | 0 ||| qw: Lair rune preference: random
     0 | D:1      | 0 ||| qw: Goals: Normal
     0 | D:1      | 0 ||| PLANNING D:1-11
   104 | D:1      | Found a faded altar of an unknown god.
   145 | D:1      | Reached skill level 3 in Ranged Weapons
   145 | D:1      | Reached XP level 2. HP: 23/23 MP: 2/2
   263 | D:1      | 263 ||| FLEEEEING.
   264 | D:1      | 264 ||| FLEEEEING.
   265 | D:1      | 265 ||| FLEEEEING.
   268 | D:1      | 268 ||| FLEEEEING.
   411 | D:1      | 411 ||| SWAPPING to +0 antimagic sling.
   412 | D:1      | 412 ||| DROPPING +1 sling.
   448 | D:1      | 448 ||| FLEEEEING.
   451 | D:1      | 451 ||| FLEEEEING.
   455 | D:1      | 455 ||| FLEEEEING.
   456 | D:1      | 456 ||| FLEEEEING.
   457 | D:1      | 457 ||| FLEEEEING.
   461 | D:1      | 461 ||| FLEEEEING.
   496 | D:1      | Reached XP level 3. HP: 29/29 MP: 1/3
   768 | D:1      | 768 ||| UPGRADING to +0 leather armour.
   778 | D:1      | 778 ||| DROPPING +0 robe.
   779 | D:1      | 779 ||| READING scroll labelled TIKHLU OMUZA.
   780 | D:1      | 780 ||| READING scroll labelled RISOEZ DUIKHE.
   781 | D:1      | 781 ||| READING scroll labelled BEMESTUWUE.
   806 | D:1      | 806 ||| READING 2 scrolls labelled HOBIMM YGURPH.
   807 | D:1      | 807 ||| READING scroll labelled PASAP BEBIOLIU.
   808 | D:1      | 808 ||| READING scroll labelled NATEMP XESTERGH.
   809 | D:1      | 809 ||| DROPPING scroll of poison.
   810 | D:1      | 810 ||| DROPPING scroll of noise.
   936 | D:2      | Reached skill level 4 in Ranged Weapons
  1144 | D:2      | Noticed Natasha
  1154 | D:2      | Killed Natasha
  1155 | D:2      | Reached XP level 4. HP: 13/36 MP: 4/4
  1307 | D:2      | You fall into a shaft and drop 2 floors!
  1308 | D:4      | 1308 ||| UPGRADING to +0 ring mail.
  1318 | D:4      | 1318 ||| DROPPING +0 leather armour.
  1319 | D:4      | 1319 ||| DRINKING 2 clear potions.
  1320 | D:4      | 1320 ||| DRINKING 2 metallic pink potions.
  1321 | D:4      | 1321 ||| DRINKING 2 puce potions.
  1322 | D:4      | 1322 ||| DROPPING potion of brilliance.
  1329 | D:3      | Found a transporter.
  1338 | D:3      | Noticed Ijyb
  1347 | D:3      | HP: 7/36 [Ijyb/bolt of dispelling energy (8)]
  1348 | D:3      | 1348 ||| DRINKING potion of heal wounds.
  1352 | D:3      | HP: 4/36 [Ijyb/+0 dagger (3)]
  1352 | D:3      | Killed Ijyb
  1353 | D:3      | Reached skill level 1 in Armour
  1565 | D:3      | 1565 ||| STAIRDANCE
  1615 | D:2      | Reached skill level 5 in Ranged Weapons
  1673 | D:2      | Noticed Natasha
  1678 | D:2      | Killed Natasha
  1679 | D:2      | Reached XP level 5. HP: 24/42 MP: 5/5
  1833 | D:2      | Reached skill level 3 in Fighting
  2029 | D:3      | Noticed Grinder
  2034 | D:3      | Paralysed by Grinder for 2 turns
  2041 | D:3      | HP: 10/45 [Grinder (8)]
  2041 | D:3      | Slain by Grinder

Levels and vault maps discovered:
D:1:      nagdon_arrival_double_spiral, layout_loops_ring,
          hellmonk_ecumenical_altar_lost_god
D:2:      layout_loops_ring, uniq_natasha
D:3:      gammafunk_steamed_eel, layout_basic, grunt_decor_junction,
          uniq_grinder, uniq_ijyb
D:4:      layout_loops_corners, general_overflow_altar, item_on_display_a,
          uniq_blork_the_orc, uniq_eustachio

Skill      XL: |  1  2  3  4  5 |
---------------+----------------+-----
Ranged Weapons | 3 4 5 |  5.0
Fighting       | 2 3 |  3.0
Armour         | 1 |  1.8
Dodging        | |  2.1
Spellcasting   | |  1.0
Hexes          | |  2.0

Action                     |  1- 3 |  4- 6 || total
---------------------------+-------+-------++-------
   Fire: Sling             |    93 |    66 ||   159
    Use: Scroll            |     6 |       ||     6
         Potion            |       |     4 ||     4
 Armour: Robe              |     4 |       ||     4
         Leather armour    |     2 |       ||     2
         Ring mail         |       |     9 ||     9
  Dodge: Dodged            |    33 |    20 ||    53

Table legend:
 A = Non-vault XP
 B = Vault XP
 C = Vault XP percentage of total XP
 D = Non-vault monster count
 E = Vault monster count
 F = Vault count percentage of total count
                 A         B        C        D         E       F
            +---------+---------+-------+---------+---------+-------
      Total |     169 |      70 |  29.3 |      49 |       2 |   3.9
            +---------+---------+-------+---------+---------+-------
        D:1 |      52 |       0 |   0.0 |      30 |       0 |   0.0
        D:2 |     101 |      35 |  25.7 |      12 |       1 |   7.7
        D:3 |      16 |      35 |  68.6 |       7 |       1 |  12.5
            +---------+---------+-------+---------+---------+-------
